Map: Abyssal Reef LE

Players

Ascarecrow - Winner!

  • Race: Zerg Zerg
  • League: Master
  • Spawn Location: 11:00

A.I. 1 (Easy)

  • Race: Protoss Protoss
  • Spawn Location: 5:00

VOD

Have the link to the VOD?

Description

Time

  • Played on: Aug. 12, 2017, 10:19 p.m.
  • Length: 6:50
Show
View Real Time Build Order
Export as new Build Order

Ascarecrow Zerg - Winner!

Build Orders: Hatch First 

Get SALT Encoding   

  12  0:01  Drone  
  13  0:12  Overlord  
  13  0:17  Drone  
  14  0:31  Drone x2  
  17  0:35  Drone  
  17  0:54  Hatchery  
  16  0:58  Drone x2  
  16  1:04  Extractor  
  17  1:18  Spawning Pool  
  17  1:19  Drone  
  17  1:20  Drone  
  18  1:28  Drone  
  19  1:42  Overlord  
  19  1:51  Drone  
  20  2:05  Queen  
  20  2:06  Queen  
  20  2:07  Zergling x4  
  26  2:09  Metabolic Boost  
  26  2:14  Drone  
  27  2:17  Drone  
  29  2:22  Drone  
  29  2:28  Drone  
  30  2:33  Drone  
  31  2:39  Drone  
  32  2:44  Queen x2  
  32  2:49  Overlord  
  36  3:00  Overlord  
  36  3:07  Drone x3  
  39  3:13  Drone x4  
  39  3:19  Overlord  
  43  3:21  Drone x3  
  46  3:30  Lair  
  46  3:32  Drone x2  
  48  3:41  Drone x2, Extractor  
  50  3:43  Extractor  
  48  3:53  Drone  
  48  3:54  Roach Warren, Drone x4  
  52  3:57  Overlord x2  
  52  3:59  Drone  
  53  4:05  Drone x2  
  55  4:16  Evolution Chamber  
  54  4:17  Evolution Chamber, Overlord  
  53  4:27  Overlord  
  53  4:29  Overlord  
  53  4:32  Hatchery  
  53  4:33  Glial Reconstitution  
  52  4:41  Drone  
  52  4:43  Zerg Missile Weapons Level 1, Zerg Ground Armor Level 1  
  52  4:45  Roach  
  55  4:46  Roach  
  57  4:54  Roach x3  
  57  4:56  Roach  
  65  5:00  Roach  
  65  5:02  Roach  
  71  5:07  Roach  
  71  5:08  Roach  
  71  5:13  Overlord x2  
  73  5:16  Roach  
  73  5:17  Roach  
  77  5:24  Roach x2  
  81  5:30  Roach x3  
  81  5:32  Overlord  
  87  5:37  Roach  
  87  5:38  Roach  
  87  5:39  Roach  
  93  5:50  Roach  
  93  5:51  Roach x3  
  93  5:57  Roach x2  
  103  6:00  Roach  
  103  6:03  Zergling x6  
  110  6:09  Roach  
  110  6:10  Roach  
  114  6:12  Roach  
  114  6:15  Roach  
  114  6:16  Roach  
Show
View Real Time Build Order
Export as new Build Order

A.I. 1 (Easy) Protoss 

Build Orders:  

Get SALT Encoding   

  12  0:01  Probe (Chrono Boost)  
  13  0:11  Probe (Chrono Boost)  
  14  0:20  Pylon  
  14  0:22  Probe (Chrono Boost)  
  15  0:38  Probe (Chrono Boost)  
  16  0:45  Assimilator  
  16  0:50  Gateway  
  16  0:54  Pylon  
  16  1:17  Assimilator  
  16  1:34  Zealot  
  18  1:43  Cybernetics Core  
  18  2:08  Pylon  
  18  2:14  Probe (Chrono Boost)  
  19  2:16  Warp Gate  
  19  2:18  Adept  
  21  2:26  Probe (Chrono Boost)  
  23  2:37  Probe (Chrono Boost)  
  23  2:49  Stalker, Probe (Chrono Boost)  
  26  3:00  Probe (Chrono Boost)  
  27  3:12  Probe (Chrono Boost)  
  28  3:20  Stalker  
  30  3:52  Adept  
  32  4:05  Probe (Chrono Boost)  
  32  5:20  Probe (Chrono Boost)  
  32  6:22  Stalker  
  32  6:23  Pylon  
  24  6:37  Probe (Chrono Boost)  
Tags
 
League
Master
Matchup
PvZ
Spawn Locations
Cross Positions
Add a new tag
Caveats
  • Supply blocks, unpowered buildings, or Contaminate may cause inaccurate times.
  • Supply counts are checked every 10 seconds.